 Dungeon Crawl Stone Soup version 0.27.0-1-g7a089689b8 (webtiles) character file.

Game seed: 8979638625763597082

37 sanka the Sneak (level 3, -3/34 HPs)
             Began as a Naga Air Elementalist on Aug 6, 2021.
             Killed from afar by Sigmund (7 damage)
             ... with a puff of flame
             ... on level 2 of the Dungeon.
             The game lasted 00:02:20 (1921 turns).

sanka the Sneak (Naga Air Elementalist)             Turns: 1921, Time: 00:02:20

Health: -3/34      AC:  2    Str: 10    XL:     3   Next: 41%
Magic:  6/6        EV:  9    Int: 16    God:
Gold:   0          SH:  0    Dex: 11    Spells: 5/6 levels left

rFire    . . .     SeeInvis +   (no weapon)
rCold    . . .     Faith    .   (no shield)
rNeg     . . .     Spirit   .   a - +0 robe
rPois    +         Reflect  .   (no helmet)
rElec    .         Harm     .   (no cloak)
rCorr    .         Rampage  .   (no gloves)
Will     +....                  (no barding)
Stlth    ++........             (no amulet)
HPRegen  0.11/turn              (no ring)
MPRegen  0.10/turn              e - ring of willpower

@: very slow
A: AC +1, large, see invisible, deformed body, poison resistance, slowness 2,
spit poison 1, naga tail 1
a: Spit Poison


You were on level 2 of the Dungeon.
You visited 1 branch of the dungeon, and saw 2 of its levels.


Innate Abilities, Weirdness & Mutations

Your serpentine skin is tough. (AC +1)
You have supernaturally acute eyesight. (SInv)
Armour fits poorly on your strangely shaped body.
Your system is resistant to poisons. (rPois)
You cover ground very slowly.
You can spit poison.
You have a snake-like lower body.


   Skills:
 + Level 3.0 Fighting
 - Level 1.5 Dodging
 - Level 3.0 Stealth
 + Level 2.0 Spellcasting
 - Level 1.0 Conjurations
 + Level 3.0 Air Magic


You had 5 spell levels left.
You knew the following spells:

 Your Spells              Type           Power      Damage    Failure   Level
z - Shock                 Conj/Air       32%        1d5       9%          1

Your spell library contained the following spells:

 Spells                   Type           Power      Damage    Failure   Level
 Static Discharge         Conj/Air       8%         N/A       14%         2
 Swiftness                Air            11%        N/A       19%         3
 Summon Small Mammal      Summ           4%         N/A       21%         1
 Call Canine Familiar     Summ           1%         N/A       52%         3
 Summon Guardian Golem    Hex/Summ       1%         N/A       52%         3
 Airstrike                Air            5%         N/A       52%         4

Inventory:

Armour
 a - a +0 robe (worn)
Jewellery
 e - a ring of willpower (right hand)
Scrolls
 b - a scroll of enchant armour {unknown}
 d - a scroll of blinking {unknown}
Potions
 c - 2 potions of curing {unknown}

Dungeon Overview and Level Annotations

Branches:
Dungeon (2/15)

Altars:

Annotations:
D:2 Sigmund

▒ ▒▒▒▒▒▒▒▒▒▒▒ ▒ ▒.........▒
▒ ▒.........▒ ▒ ▒.........▒
▒ ▒▒▒▒▒▒▒▒.........▒ ▒..
.......'.........▒ ▒.▒
▒▒▒▒▒▒▒▒.........▒▒▒▒ ▒.▒
▒.N)..............▒ ▒.▒
▒.▒▒▒.▒.▒▒▒▒.▒▒▒▒.▒ ▒@▒
▒.▒..<▒.▒▒▒▒.▒..▒.▒ ▒.▒
▒@▒..........▒.<..▒ ▒.▒
▒.▒..........▒▒▒▒▒▒
▒.▒▒▒▒▒▒▒.▒................
▒.....@...▒.........▒▒▒▒▒▒▒
▒▒▒▒▒▒▒▒▒▒▒▒...............
▒...>.(..▒▒▒▒▒▒▒


You could see Sigmund.


Message History

Aim: Sigmund, wielding a +0 scythe and wearing a +0 robe The splash of poison misses Sigmund.
Sigmund points at you and mumbles some strange words.
The magic dart hits you.
You have got your breath back.
Sigmund screams, "I am the angel of ZOT!!!"
Sigmund casts a spell at you. You resist with almost no effort.
Use which ability? (? or * to list)
Aim: Sigmund, wielding a +0 scythe and wearing a +0 robe The splash of poison hits Sigmund.
Sigmund is poisoned.
Sigmund is lightly wounded.
Sigmund gestures at you while chanting. The puff of flame hits you!
* * * LOW HITPOINT WARNING * * *
Sigmund gestures at you while chanting. The magic dart hits you.
* * * LOW HITPOINT WARNING * * *
You have got your breath back.
Sigmund looks more healthy.
Sigmund breathes a few words.
Sigmund's hands start flickering wildly.
Sigmund barely misses you. Sigmund casts a spell at you.
The puff of flame hits you!
* * * LOW HITPOINT WARNING * * *
Sigmund points at you and mumbles some strange words.
The puff of flame hits you!
You die...

Action                   || total
-------------------------++-------
Melee: Unarmed           ||    29
 Cast: Shock             ||    56
 Abil: Spit Poison       ||    13
Armor: Robe              ||     5
Dodge: Dodged            ||     6

Levels and vault maps discovered:
D:1:      amcnicky_arrival_choice, layout_loops_corners,
          corexii_leaking_fountain, feat_on_display
D:2:      layout_basic, hellmonk_ecumenical_altar_blasted, basic_altar,
          uniq_sigmund

Notes
Turn   | Place    | Note
-------+----------+-------------------------------------------
     0 | D:1      | sanka the Naga Air Elementalist began the quest for the
                  | Orb.
     0 | D:1      | Reached XP level 1. HP: 15/15 MP: 3/3
    65 | D:1      | Reached skill level 1 in Fighting
   281 | D:1      | Reached XP level 2. HP: 25/25 MP: 3/5
   647 | D:1      | Reached skill level 2 in Fighting
  1421 | D:2      | Reached XP level 3. HP: 33/33 MP: 0/6
  1740 | D:2      | Found a faded altar of an unknown god.
  1793 | D:2      | Reached skill level 3 in Fighting
  1904 | D:2      | Noticed Sigmund
  1921 | D:2      | Killed from afar by Sigmund

Vanquished Creatures
  A worm (D:2)
  A dart slug (D:1)
  3 bats
  5 endoplasms
  A giant cockroach (D:1)
  2 goblins (D:2)
  5 hobgoblins
  4 kobolds
  2 ball pythons (D:1)
  A frilled lizard (D:1)
  3 rats
28 creatures vanquished.
